 Dungeon Sprint DCSS version 0.29-a0-364-g921d912d32 (webtiles) character file.

Game seed: 11805125647779424550

1397 mhtbhm the Cleaver (level 8, -3/79 HPs)
             Began as a Minotaur Fighter on May 1, 2022.
             Was an Elder of Okawaru.
             Killed from afar by an efreet (38 damage)
             ... with a bolt of fire
             ... in the Dungeon (Sprint VII: "The Pits").
             The game lasted 00:02:21 (1084 turns).

mhtbhm the Cleaver (Minotaur Fighter)               Turns: 1084, Time: 00:02:22

Health: -3/79      AC: 12    Str: 24    XL:     8   Next: 41%
Magic:  13/13      EV: 11    Int:  5    God:    Okawaru [****..]
Gold:   0          SH:  5    Dex:  9    Spells: 7/7 levels left

rFire   . . .      SeeInvis .   a - +2 hand axe (vorpal)
rCold   . . .      Faith    .   c - +0 buckler
rNeg    . . .      Spirit   .   b - +3 scale mail
rPois   .          Reflect  .   (helmet restricted)
rElec   .          Harm     .   (no cloak)
rCorr   .          Rampage  .   (no gloves)
Will    .....      NoTele   +   (no boots)
Stlth   ..........              (no amulet)
HPRegen 0.23/turn               (no ring)
MPRegen 0.13/turn               (no ring)

@: no status effects
A: horns 2, retaliatory headbutt
a: Renounce Religion, Heroism, Finesse


You were in the Dungeon.
You worshipped Okawaru.
Okawaru was greatly pleased with you.
You visited 1 branch

Inventory:

Hand Weapons
 a - a +2 vorpal hand axe (weapon)
Armour
 b - a +3 scale mail (worn)
 c - a +0 buckler (worn)
Scrolls
 j - a scroll of blinking
 l - 5 scrolls of amnesia
Potions
 d - a potion of might
 e - 4 potions of curing
 f - 4 potions of heal wounds
 g - a potion of haste
 h - 4 potions of magic
 i - 2 potions of berserk rage
 k - 2 potions of invisibility


   Skills:
 + Level 9.6 Fighting
 + Level 11.5 Axes
 + Level 11.0 Armour
 + Level 4.7 Dodging
 + Level 2.3 Stealth
 + Level 8.3 Shields
 * Level 8.2 Invocations


You had 7 spell levels left.
You didn't know any spells.
Your spell library was empty.

Dungeon Overview and Level Annotations

Branches:
Dungeon (1/1)

Altars:
Ashenzari
Cheibriados
Dithmenos
Elyvilon
Fedhas
Gozag
Hepliaklqana
Kikubaaqudgha
Makhleb
Nemelex Xobeh
Okawaru
Qazlal
Ru
Sif Muna
Trog
Uskayaw
Vehumet
Wu Jian
Xom
Yredelemnul
Zin
The Shining One
Beogh
Jiyva
Lugonu


Innate Abilities, Weirdness & Mutations

You have a pair of horns on your head.
You reflexively headbutt those who attack you in melee.


Message History

The wight hits you with a +0 halberd!
* * * LOW HITPOINT WARNING * * *
You feel drained.
You hit the wight but do no damage.
The wight is lightly damaged.
Unknown command.
Unknown command.
You feel much better. The wight barely misses you. You furiously retaliate!
You headbutt the wight.
Unknown command.
You hit the wight.
The wight is almost destroyed.
The wight hits you with a +0 halberd!
You hit the wight.
You destroy the wight!
Okawaru accepts your kill.
Your life force feels restored.
Unknown command.
You barely miss the efreet. You headbutt the efreet!
The efreet is moderately wounded.
The efreet hits you with a +2 scimitar of flaming!
The efreet burns you.
You hit the efreet.
The efreet is moderately wounded.
Unknown command.
You feel better. The efreet barely misses you.
You hit the efreet but do no damage.
You headbutt the efreet, but do no damage.
The efreet is moderately wounded.
You block the efreet's attack.
You hit the efreet but do no damage.
You headbutt the efreet, but do no damage.
The efreet is moderately wounded.
The efreet closely misses you. You furiously retaliate!
You headbutt the efreet, but do no damage.
You hit the efreet but do no damage.
The efreet is moderately wounded.
The efreet gestures at you. The bolt of fire hits you!!!
You die...

#.#........##.......#
#)#........##.......#
#'###########.......#
#.......#..##########
#..###..#.# ####
#.......#.#....#
##.###.##'#....#
#.......#)R....+
#..###..#@#°...#
#.......'.# R°.#
########### ###


You could see an efreet.

Vanquished Creatures
  A phantasmal warrior (D)
  A fire bat (D)
  A warg (D)
  A water moccasin (D)
  A black bear (D)
  A bullfrog (D)
  3 scorpions (D)
  4 wights (D)
  A quasit (D)
  A mummy (D)
  An adder (D)
  A gnoll (D)
  2 ufetubi (D)
  An endoplasm (D)
  4 giant cockroaches (D)
  A kobold (D)
  2 ball pythons (D)
27 creatures vanquished.

Notes
Turn   | Place    | Note
-------+----------+-------------------------------------------
     0 | D        | mhtbhm the Minotaur Fighter began the quest for the Orb.
     0 | D        | Reached XP level 1. HP: 19/19 MP: 0/0
    19 | D        | Found a bloodstained altar of Trog.
    19 | D        | Found a shimmering blue altar of Sif Muna.
    19 | D        | Found a viscous altar of Jiyva.
    19 | D        | Found a hazy altar of Hepliaklqana.
    19 | D        | Found an opulent altar of Gozag.
    20 | D        | Found a glowing golden altar of the Shining One.
    20 | D        | Found a glowing silver altar of Zin.
    20 | D        | Found a basalt altar of Yredelemnul.
    20 | D        | Found a shimmering altar of Xom.
    20 | D        | Found an ornate altar of the Wu Jian Council.
    20 | D        | Found a sacrificial altar of Ru.
    20 | D        | Found a stormy altar of Qazlal.
    20 | D        | Found an iron altar of Okawaru.
    20 | D        | Found a sparkling altar of Nemelex Xobeh.
    20 | D        | Found a burning altar of Makhleb.
    20 | D        | Found a blossoming altar of Fedhas.
    20 | D        | Found a white marble altar of Elyvilon.
    20 | D        | Found a shadowy altar of Dithmenos.
    20 | D        | Found a snail-covered altar of Cheibriados.
    22 | D        | Found a radiant altar of Vehumet.
    22 | D        | Found a corrupted altar of Lugonu.
    23 | D        | Found a hide-covered altar of Uskayaw.
    23 | D        | Found an ancient bone altar of Kikubaaqudgha.
    23 | D        | Found a broken altar of Ashenzari.
    30 | D        | Became a worshipper of Warmaster Okawaru
    71 | D        | Noticed a scorpion
    83 | D        | Killed a scorpion
    83 | D        | Reached * piety under Okawaru
    84 | D        | Reached skill level 5 in Fighting
    84 | D        | Reached skill level 5 in Armour
    84 | D        | Reached skill level 5 in Shields
    84 | D        | Reached XP level 2. HP: 11/29 MP: 0/3
    84 | D        | Reached XP level 3. HP: 14/36 MP: 0/4
   263 | D        | Noticed a scorpion
   273 | D        | Killed a scorpion
   274 | D        | Reached skill level 5 in Axes
   274 | D        | Reached XP level 4. HP: 15/44 MP: 5/5
   530 | D        | Noticed a warg
   536 | D        | Killed a warg
   536 | D        | Reached ** piety under Okawaru
   537 | D        | Reached skill level 1 in Dodging
   537 | D        | Reached skill level 1 in Stealth
   537 | D        | Reached skill level 5 in Invocations
   537 | D        | Reached XP level 5. HP: 47/52 MP: 5/7
   612 | D        | Noticed a water moccasin
   626 | D        | Reached XP level 6. HP: 49/60 MP: 8/8
   634 | D        | Killed a water moccasin
   757 | D        | Noticed a phantasmal warrior
   770 | D        | Killed a phantasmal warrior
   770 | D        | Reached *** piety under Okawaru
   771 | D        | Reached skill level 10 in Axes
   771 | D        | Reached skill level 10 in Armour
   771 | D        | Reached XP level 7. HP: 31/69 MP: 9/11
  1005 | D        | Reached **** piety under Okawaru
  1006 | D        | Reached XP level 8. HP: 67/78 MP: 12/12
  1052 | D        | Noticed an efreet
  1084 | D        | Killed from afar by an efreet

Illustrated notes

Levels and vault maps discovered:
D:        pitsprint [storerooms_1, entrance_room_1, metal_vault_3, armoury_2,
          mini_pit_1, grid_room_1, main_hall_1, silver_pit, the_coven_1,
          the_vestibule_1, steel_vault_5, golden_pit, hallway_of_sentries,
          crystal_vault_1, iron_vault_3, final_vault]

Skill      XL: |  1  2  3  4  5  6  7  8 |
---------------+-------------------------+-----
Fighting       | 5 6 7 8 9 |  9.6
Armour         | 5 6 8 10 11 | 11.0
Shields        | 5 6 7 8 |  8.3
Axes           | 4 5 6 7 10 11 | 11.5
Invocations    | 2 3 5 7 8 |  8.2
Dodging        | 1 3 4 |  4.7
Stealth        | 1 2 |  2.3

Action                   |  1- 3 |  4- 6 |  7- 9 || total
-------------------------+-------+-------+-------++-------
Melee: Hand axe          |    20 |    59 |    38 ||   117
       Headbutt          |     2 |     5 |     5 ||    12
       War axe           |     2 |       |       ||     2
  Use: Potion            |     1 |     1 |     3 ||     5
Armor: Scale mail        |    10 |    40 |    12 ||    62
Dodge: Dodged            |    13 |    19 |    19 ||    51
Block: Buckler           |     7 |    16 |     6 ||    29

Table legend: (Time is in decaauts)
 A = Elapsed time spent in this place.
 B = Non-inter-level travel time spent in this place.
 C = Inter-level travel time spent in this place.
 D = Time resting spent in this place.
 E = Time spent auto-exploring this place.
 F = Levels seen in this place.
 G = Mean time per level.
                   A        B        C        D        E       F      G
               +--------+--------+--------+--------+--------+-----+--------+
         Total |   1083 |   1083 |      0 |    774 |     31 |   1 | 1083.0 |
       Dungeon |   1083 |   1083 |      0 |    774 |     31 |   1 | 1083.0 |
               +--------+--------+--------+--------+--------+-----+--------+

Top non-repeatable levels by time:
       D: 1083 daAuts
